 Dungeon Crawl Stone Soup version 0.29.1-2-gbd0b4ee654 (webtiles) character file.

Game seed: 16643181636640061356

215 H0rd4k the Insei (level 5, -14/33 HPs)
             Began as an Octopode Transmuter on Oct 26, 2022.
             Demolished by an ogre
             ... wielding a +0 giant club
              (26 damage)
             ... on level 4 of the Dungeon.
             The game lasted 00:04:44 (3355 turns).

H0rd4k the Insei (Octopode Transmuter)              Turns: 3355, Time: 00:04:45

Health: -14/33     AC:  1    Str:  9    XL:     5   Next: 92%
Magic:  7/9        EV: 13    Int: 17    God:
Gold:   113        SH:  5    Dex: 13    Spells: 5/9 levels left

rFire   + . .      SeeInvis .     - Unarmed
rCold   x . .      Faith    .   (no shield)
rNeg    . . .      Spirit   .   (helmet restricted)
rPois   .          Reflect  +   t - amulet of reflection
rElec   .          Harm     .   l - ring of fire
rCorr   .          Rampage  .   (no ring)
Will    .....                   (no ring)
Stlth   ++........              (no ring)
HPRegen 0.11/turn               (no ring)
MPRegen 0.11/turn               (no ring)
                                (no ring)
                                (no ring)

@: lethally poisoned (-14 -> -16), slowed, very slow
A: almost no armour, amphibious, 8 rings, camouflage 1, gelatinous body 1,
(nimble swimmer 1), tentacles
a: no special abilities


You were on level 4 of the Dungeon.
You visited 1 branch of the dungeon, and saw 4 of its levels.

You collected 113 gold pieces.

Inventory:

Missiles
 p - 13 poisoned darts (quivered)
 u - 2 throwing nets
Jewellery
 l - a ring of fire (left tentacle)
 o - a ring of fire
 r - an amulet of guardian spirit
 t - an amulet of reflection (around mantle)
Wands
 w - a wand of mindburst (17)
Scrolls
 c - a scroll of noise {unknown}
 d - a scroll of identify {unknown}
 e - 2 scrolls of amnesia {unknown}
 g - a scroll of magic mapping {unknown}
 i - 2 scrolls of fear {unknown}
 j - 2 scrolls of teleportation {unknown}
 m - 2 scrolls of blinking {unknown}
 n - a scroll of immolation
 q - 3 scrolls of poison {unknown}
Potions
 a - 2 potions of lignification
 b - 3 potions of heal wounds {unknown}
 f - 2 potions of haste {unknown}
 h - a potion of attraction {unknown}
 k - a potion of brilliance {unknown}
 s - 2 potions of curing {unknown}
 v - a potion of flight {unknown}


   Skills:
 + Level 1.3 Fighting
 + Level 0.1 Throwing
 + Level 3.0 Dodging
 + Level 0.2 Shields
 + Level 4.5 Unarmed Combat
 * Level 2.9 Spellcasting
 * Level 2.9 Transmutations
 * Level 1.2 Poison Magic


You had 5 spell levels left.
You knew the following spells:

 Your Spells              Type           Power      Damage    Failure   Level
a - Beastly Appendage     Tmut           24%        N/A       5%          1
b - Spider Form           Tmut/Pois      9%         N/A       22%         3

Your spell library contained the following spells:

 Spells                   Type           Power      Damage    Failure   Level
 Wereblood                Tmut           12%        N/A       9%          2
 Apportation              Tloc           4%         N/A       19%         1
 Necrotise                Necr           8%         1d4       19%         1
 Summon Small Mammal      Summ           8%         N/A       19%         1
 Sublimation of Blood     Necr           2%         N/A       26%         2
 Portal Projectile        Hex/Tloc       4%         N/A       47%         3
 Tukima's Dance           Hex            2%         N/A       47%         3
 Ice Form                 Ice/Tmut       7%         N/A       67%         4
 Blade Hands              Tmut           6%         N/A       83%         5
 Summon Hydra             Summ           1%         N/A       100%        7


Dungeon Overview and Level Annotations

Branches:
Dungeon (4/15)
 Temple: D:4-7

Altars:
Vehumet

Annotations:
D:2 exclusion: downstairs
D:3 1 runed translucent door, exclusion: door, caveywoolpert's ghost, amateur HOFi
D:4 Natasha


Innate Abilities, Weirdness & Mutations

You cannot wear most types of armour.
You are amphibious.
You can wear up to eight rings at the same time.
Your skin changes colour to match your surroundings (Stealth+).
Your rubbery body absorbs attacks. (AC +1, EV +1)
((You are camouflaged when in or above water. (Stealth+)))
You have tentacles for arms and can constrict up to eight enemies at once.


Message History

You now have 113 gold pieces (gained 11).
A quokka comes into view.
Found 16 gold pieces.
Casting: Beastly Appendage (safe; 5% risk of failure)
Confirm with . or Enter, or press ? or * to list all spells.
The spell is quite dangerous to miscast (22% risk of failure)!
Continue anyway?
You turn into a venomous arachnid creature.
The kobold shouts!
An ogre comes into view. It is wielding a +0 giant club.
You closely miss the quokka.
Natasha, Servant of Life and Death comes into view.
The quokka bites you but does no damage.
The kobold hits you with a +3 dagger of venom.
You are poisoned.
Natasha hisses angrily.
The ogre shouts!
You hit the kobold.
You kill the kobold!
You feel very sick. You block the quokka's attack.
You hit the quokka.
You kill the quokka!
You feel very sick.
You feel very sick. Natasha casts a spell at you.
You feel yourself slow down.
You feel very sick.
Natasha casts a spell.
Your transformation has ended.
You feel sick.
You feel sick.
A black bear comes into view.
Natasha mumbles some strange words.
An orc wizard comes into view.
It is wielding a +2 dagger of electrocution.
The crimson imp blinks!
There is a stone staircase leading up here.
You feel sick.
The black bear growls angrily.
The ogre hits you with a +0 giant club!!
Ouch! That really hurt!
You die...

#.$..###...#.....
.......#.5....o..
#............h#
#......#.†)...#
.......#h....#####
.......>............
...$.........##..#.. .
.......O...5....... ..
.......@.......... ... ..
................# .... #.##
............##.## ..... ##..#
........#....#..##.....# #...
.....##.........).......#
....
#....###..............#.(.
...###.....##...............#
............>....##.......###
...)...................####


You could see a black bear, an ogre, an orc wizard (wandering), Natasha, a
crimson imp (summoned) and a shadow imp (summoned).

Vanquished Creatures
  An orc priest (D:3)
  A hound (D:4)
  6 gnolls (D:3)
  2 adders
  2 dart slugs (D:3)
  7 orcs (D:3)
  3 endoplasms
  3 giant cockroaches
  11 hobgoblins
  2 jackals (D:2)
  8 kobolds
  5 quokkas
  2 ball pythons
  2 bats
  4 frilled lizards
  9 goblins
  2 rats
70 creatures vanquished.

Notes
Turn   | Place    | Note
-------+----------+-------------------------------------------
     0 | D:1      | H0rd4k the Octopode Transmuter began the quest for the Orb.
     0 | D:1      | Reached XP level 1. HP: 13/13 MP: 3/3
   194 | D:1      | Reached XP level 2. HP: 18/18 MP: 5/5
   454 | D:1      | Found a faded altar of an unknown god.
   726 | D:2      | Reached XP level 3. HP: 18/23 MP: 6/6
  1151 | D:2      | Found a radiant altar of Vehumet.
  1660 | D:3      | Reached skill level 4 in Unarmed Combat
  1662 | D:3      | Reached XP level 4. HP: 22/28 MP: 7/7
  1753 | D:3      | Found a runed translucent door.
  1755 | D:3      | Noticed caveywoolpert's ghost (amateur HOFi)
  1852 | D:3      | Learned a level 3 spell: Spider Form
  2280 | D:3      | Reached XP level 5. HP: 31/33 MP: 4/8
  2807 | D:3      | Reached skill level 1 in Poison Magic
  3347 | D:4      | Noticed an ogre
  3348 | D:4      | Noticed Natasha
  3354 | D:4      | Noticed a black bear
  3355 | D:4      | Demolished by an ogre

Illustrated notes

Levels and vault maps discovered:
D:1:      eino_arrival_cavern_e, layout_loops_ring,
          shapermc_ecumenical_altar_mp_highgroup
D:2:      layout_basic, basic_altar, wad_floor_pattern_2
D:3:      layout_rooms, ebering_ghost_inner_flame, minmay_diced_spiral
D:4:      layout_cave_pools, uniq_natasha

Skill      XL: |  1  2  3  4  5 |
---------------+----------------+-----
Unarmed Combat | 4 |  4.5
Dodging        | 3 |  3.0
Poison Magic   | 1 |  1.2
Fighting       | |  1.3
Throwing       | |  0.1
Shields        | |  0.2
Spellcasting   | |  2.9
Transmutations | |  2.9

Action                   |  1- 3 |  4- 6 || total
-------------------------+-------+-------++-------
Melee: Unarmed           |    84 |    77 ||   161
       Constrict         |    26 |    13 ||    39
       Tentacles         |    17 |    11 ||    28
       Punch             |     3 |     3 ||     6
       Kick              |     2 |    11 ||    13
Throw: Dart              |       |     5 ||     5
 Cast: Beastly Appendage |     1 |     6 ||     7
       Spider Form       |       |     5 ||     5
 Stab: Sleeping          |     6 |     3 ||     9
Armor: Skin              |     3 |     1 ||     4
Dodge: Dodged            |    47 |    37 ||    84
Block: Other             |       |    14 ||    14
       Reflection        |       |     1 ||     1
